Map: Ley Lines

Players

wootwoot - Winner!

  • Race: Terran Terran
  • League: Diamond
  • Spawn Location: 7:00

ErzaScarllet

  • Race: Zerg Zerg
  • League: Diamond
  • Spawn Location: 1:00

VOD

Have the link to the VOD?

Description

Time

  • Played on: April 3, 2025, 1:06 a.m.
  • Length: 8:13
Show
View Real Time Build Order
Export as new Build Order

wootwoot Terran - Winner!

Build Orders: 2 Factory, Gas First Reaper Expand 

Get SALT Encoding   

  12  0:00  SCV  
  13  0:12  SCV  
  14  0:17  Supply Depot  
  14  0:24  SCV  
  15  0:28  Refinery  
  15  0:38  SCV  
  16  0:44  Barracks  
  16  0:50  SCV  
  17  1:02  SCV  
  18  1:17  SCV  
  19  1:31  Orbital Command, Reaper  
  20  1:42  Command Center  
  20  1:52  Factory  
  20  1:57  SCV  
  21  2:03  Refinery  
  21  2:05  Barracks Reactor  
  21  2:09  SCV  
  21  2:14  Supply Depot  
  22  2:21  SCV  
  23  2:35  SCV  
  23  2:36  Factory  
  24  2:46  Hellion  
  24  2:48  SCV, Hellion  
  29  2:55  Orbital Command  
  29  2:57  Barracks Tech Lab  
  29  3:04  SCV  
  30  3:17  SCV  
  31  3:20  Hellion x2  
  31  3:26  Mag-Field Accelerator  
  35  3:29  Cyclone  
  35  3:31  SCV  
  35  3:32  SCV  
  40  3:39  Supply Depot  
  40  3:43  Supply Depot  
  40  3:50  SCV  
  40  3:51  SCV  
  42  4:03  SCV x2  
  43  4:14  Factory  
  43  4:15  SCV x2, Factory  
  43  4:16  Factory  
  45  4:17  Refinery  
  45  4:18  Refinery  
  45  4:27  SCV x2  
  45  4:30  Cyclone  
  50  4:32  Hellion  
  50  4:33  Hellion  
  54  4:39  SCV x2  
  56  4:45  Supply Depot  
  56  4:49  Supply Depot  
  56  4:51  SCV x2  
  58  4:58  Factory Tech Lab x2  
  58  4:59  Factory Reactor  
  58  5:03  SCV x2  
  60  5:07  Infernal Pre-Igniter, Cyclone  
  60  5:13  Hellion  
  65  5:15  Hellion  
  65  5:18  Cyclone  
  70  5:24  Cyclone  
  70  5:28  Supply Depot  
  73  5:30  Supply Depot  
  73  5:40  Cyclone  
  73  5:41  Hellion  
  84  5:50  Hellion x3  
  84  5:53  Cyclone  
  87  6:01  Supply Depot  
  87  6:02  Supply Depot  
  87  6:07  SCV  
  87  6:08  Cyclone  
  86  6:22  Cyclone  
  86  6:25  Cyclone  
  92  6:27  Hellion  
  90  6:40  Cyclone, Hellion  
  90  6:42  SCV  
  90  6:54  Cyclone, Hellion x2  
  97  6:57  Cyclone  
  98  7:11  Hellion  
  98  7:12  Cyclone  
  99  7:18  Hellion  
  100  7:23  Hellion  
  100  7:26  Cyclone  
  100  7:29  Cyclone  
  106  7:51  Hellion  
Show
View Real Time Build Order
Export as new Build Order

ErzaScarllet Zerg 

Build Orders: Hatch First 

Get SALT Encoding   

  12  0:01  Drone  
  13  0:12  Overlord  
  13  0:16  Drone  
  14  0:30  Drone  
  14  0:31  Drone  
  14  0:35  Drone  
  17  0:51  Hatchery  
  17  0:54  Drone  
  17  0:57  Drone  
  18  1:09  Extractor  
  17  1:12  Spawning Pool  
  17  1:15  Drone  
  18  1:18  Drone  
  18  1:28  Drone  
  19  1:40  Overlord  
  19  2:01  Zergling x4  
  21  2:02  Queen  
  21  2:03  Drone, Queen  
  26  2:11  Drone  
  26  2:13  Metabolic Boost  
  27  2:18  Drone  
  28  2:24  Drone x2  
  30  2:32  Spine Crawler  
  30  2:35  Drone x2  
  32  2:53  Overlord  
  32  2:54  Hatchery  
  32  2:58  Queen  
  31  3:04  Drone x2  
  35  3:05  Drone  
  35  3:10  Overlord  
  36  3:15  Drone x2  
  36  3:17  Drone  
  36  3:19  Drone  
  40  3:26  Overlord  
  40  3:27  Drone  
  40  3:31  Drone  
  40  3:32  Drone  
  43  3:37  Queen  
  45  3:47  Drone x4  
  45  3:48  Drone  
  50  3:51  Drone  
  51  3:55  Overlord  
  50  4:06  Zergling x4  
  50  4:07  Zergling x6  
  54  4:10  Roach Warren  
  54  4:11  Extractor  
  54  4:12  Drone  
  54  4:13  Extractor  
  54  4:14  Queen  
  54  4:16  Drone  
  55  4:22  Zergling x6  
  55  4:23  Zergling x2  
  59  4:28  Queen  
  61  4:39  Overlord  
  61  4:47  Overlord x2  
  61  4:49  Roach  
  61  4:50  Roach x4  
  71  4:55  Queen  
  73  5:05  Roach  
  73  5:06  Roach x3  
  80  5:15  Ravager  
  80  5:16  Ravager x4  
  80  5:19  Lair  
  85  5:23  Drone x3, Extractor  
  87  5:31  Drone x3  
  87  5:32  Drone x4  
  94  5:39  Ravager  
  94  5:40  Ravager  
  94  5:41  Overlord  
  96  5:48  Roach  
  98  5:54  Overlord, Extractor  
  98  5:55  Extractor  
  96  5:57  Overlord  
  96  6:01  Zergling x4  
  93  6:28  Roach x10  
  110  6:33  Zergling x8  
  108  6:42  Zergling x2  
  108  6:43  Zergling x4  
  102  6:50  Zergling x2, Glial Reconstitution  
  89  6:58  Drone x2  
  89  6:59  Queen  
  75  7:18  Zergling x2  
  75  7:19  Zergling x10  
  75  7:22  Roach x3  
  69  7:32  Roach x2  
  74  7:37  Ravager x2  
  74  7:38  Roach x2  
  79  7:49  Roach x2  
Tags
 
Add a new tag
Caveats
  • Supply blocks, unpowered buildings, or Contaminate may cause inaccurate times.
  • Supply counts are checked every 10 seconds.